 Dungeon Crawl Stone Soup version 0.28.0-1-gb440e238dd (webtiles) character file.

Game seed: 10594616375808480316

3822 Jerry the Chucker (level 9, -9/79 HPs)
             Began as a Troll Hunter on Feb 24, 2022.
             Was an Initiate of Gozag.
             Mangled by a hornet (13 damage)
             ... while paralysed by a hornet
             ... on level 7 of the Dungeon.
             The game lasted 00:35:09 (7893 turns).

Jerry the Chucker (Troll Hunter)                    Turns: 7893, Time: 00:35:09

Health: -9/79      AC:  5    Str: 26    XL:     9   Next: 97%
Magic:  8/8        EV:  1    Int:  7    God:    Gozag
Gold:   911        SH:  0    Dex: 10    Spells: 8/8 levels left

rFire   + . .      SeeInvis .   c - +3 whip (venom)
rCold   . . .      Faith    .   (no shield)
rNeg    . . .      Spirit   .   b - +1 robe
rPois   .          Reflect  +   (helmet restricted)
rElec   .          Harm     .   (no cloak)
rCorr   .          Rampage  .   (gloves unavailable)
Will    +....      Clarity  +   (boots unavailable)
Stlth   +.........              k - amulet of reflection
HPRegen 1.03/turn               h - ring of protection from fire
MPRegen 0.11/turn               (no ring)

@: paralysed, lethally poisoned (-9 -> -12), slowed
A: large, unfitting armour, claws 3, regeneration 1, shaggy fur 1, tough skin 1,
clarity, frail 1, strong-willed 1
a: Renounce Religion, Potion Petition, Call Merchant, Bribe Branch


You were on level 7 of the Dungeon.
You worshipped Gozag.
Gozag was pleased with you.
You visited 2 branches of the dungeon, and saw 9 of its levels.
You also visited: Sewer.

You collected 977 gold pieces.
You paid 66 gold pieces to Gozag.

Inventory:

Hand Weapons
 c - a +3 whip of venom (weapon)
 w - a +1 whip of electrocution
 x - a +4 dire flail of freezing
Missiles
 d - 2 throwing nets
 g - 4 large rocks (quivered)
 q - 2 curare-tipped darts
Armour
 b - a +1 robe (worn)
Jewellery
 h - a ring of protection from fire (left claw)
 k - an amulet of reflection (around neck)
Wands
 e - a wand of paralysis (6)
 f - a wand of iceblast (8)
 j - a wand of acid (12)
Scrolls
 a - a scroll of enchant armour
 i - 5 scrolls of identify
 o - a scroll of fog
 p - a scroll of holy word
 t - a scroll of blinking
 v - a scroll of fear
Potions
 l - a potion of attraction
 m - 2 potions of curing
 n - 3 potions of ambrosia
 r - a potion of brilliance
 s - 2 potions of invisibility
 u - a potion of mutation


   Skills:
 + Level 5.3 Fighting
 + Level 6.6 Maces & Flails
 + Level 7.9 Throwing
 + Level 6.5 Dodging
 - Level 0.3 Stealth


You had 8 spell levels left.
You didn't know any spells.
Your spell library contained the following spells:

 Spells                   Type           Power      Damage    Failure   Level
 Call Canine Familiar     Summ           0%         N/A       80%         3
 Confusing Touch          Hex            0%         N/A       80%         3
 Portal Projectile        Hex/Tloc       0%         N/A       80%         3
 Leda's Liquefaction      Hex/Erth       0%         N/A       99%         4
 Yara's Violent Unravell  Hex/Tmut       0%         3d3       100%        5
 Enfeeble                 Hex            0%         N/A       100%        7
 Borgnjor's Revivificati  Necr           0%         N/A       100%        8
 Necromutation            Tmut/Necr      0%         N/A       100%        8
 Death's Door             Necr           0%         N/A       100%        9


Dungeon Overview and Level Annotations

Branches:
Dungeon (8/15)             Temple (1/1) D:5            Lair (0/6) D:8
  Sewer (visited)

Altars:
Ashenzari
Cheibriados
Dithmenos
Elyvilon
Fedhas
Gozag
Kikubaaqudgha
Okawaru
Qazlal
Ru
Sif Muna
Trog
Vehumet
Wu Jian
Xom
Zin
The Shining One

Annotations:
D:7 2 transporters, Krehm's ghost, novice DrCj


Innate Abilities, Weirdness & Mutations

You are too large for most types of armour.
You have claws for hands.
Your natural rate of healing is unusually fast.
You are covered in fur. (AC +1)
You have tough skin. (AC +1)
You possess an exceptional clarity of mind.
You are frail. (-10% HP)
You are strong-willed. (Will+)


Message History

The centaur kicks the plant.
The bullfrog barely misses you.
The centaur hits the plant.
The centaur kicks the plant.
The hornet stings you!
You are more poisoned.
You feel yourself slow down.
You climb upwards.
Level annotation: 2 transporters, Krehm's ghost, novice DrCj You feel extremely sick.
There is a stone staircase leading down, spattered with blood here.
You miss the bullfrog.
You feel yourself speed up.
You feel very sick. The bullfrog hits you! The hornet stings you.
You are more poisoned.
You feel yourself slow down.
The bullfrog hits you but does no damage.
The hornet stings you!
You feel as though you will be slow longer.
You barely miss the bullfrog.
You feel very sick. The bullfrog hits you.
* * * LOW HITPOINT WARNING * * *
You block the hornet's attack. The bullfrog closely misses you.
You barely miss the bullfrog.
You feel very sick. The hornet stings you.
* * * LOW HITPOINT WARNING * * *
You feel as though you will be slow longer.
You block the bullfrog's attack. You block the hornet's attack.
You whack the bullfrog!
The bullfrog is heavily wounded.
You feel very sick. The bullfrog hits you.
* * * LOW HITPOINT WARNING * * *
The hornet stings you.
* * * LOW HITPOINT WARNING * * *
You suddenly lose the ability to move!
The bullfrog hits you.
* * * LOW HITPOINT WARNING * * *
The hornet stings you!
You die...
Your body crumbles into a pile of gold.

###
#>################
(((....).........#
#.##############.#
#.# #y# #.# #@#
z.# #F# ###### #.#
####.## #.#
......# #.#
..(...# #.#
####..# #.#
####..# #.#
#.....# #.#


You could see a hornet and a bullfrog.

Vanquished Creatures
  2 kobold demonologists (D:7)
  4 yaks
  2 sky beasts
  An orc warrior (D:6)
  3 black bears
  A necrophage (D:6)
  A centaur (D:8)
  2 phantoms
  5 kobold brigands
  4 bullfrogs
  3 killer bees
  5 wights (D:7)
  2 bullfrog zombies (D:5)
  5 hounds
  2 jellies
  8 orc priests
  4 iguanas
  3 orc wizards
  2 killer bee zombies
  2 howler monkey skeletons (D:7)
  8 adders
  A white imp (D:6)
  A worm (D:3)
  A dart slug (D:2)
  16 orcs
  8 endoplasms
  2 giant cockroaches
  6 goblins
  7 hobgoblins
  11 jackals
  36 kobolds
  A quokka (D:1)
  4 ball pythons
  8 bats
  2 frilled lizards
  9 rats
182 creatures vanquished.

Vanquished Creatures (others)
  An orc wizard (D:8)
  34 fungi (D:8)
  19 plants (D:8)
54 creatures vanquished.

Grand Total: 236 creatures vanquished

Notes
Turn   | Place    | Note
-------+----------+-------------------------------------------
     0 | D:1      | Jerry the Troll Hunter began the quest for the Orb.
     0 | D:1      | Reached XP level 1. HP: 19/19 MP: 0/0
   115 | D:1      | Reached XP level 2. HP: 22/28 MP: 1/1
  1054 | D:2      | Reached XP level 3. HP: 35/35 MP: 2/2
  1065 | D:2      | Reached skill level 4 in Throwing
  2025 | D:3      | Reached XP level 4. HP: 42/42 MP: 3/3
  2091 | D:3      | Found a sacrificial altar of Ru.
  2171 | D:3      | Found a glowing drain.
  2199 | Sewer    | Entered a sewer
  2207 | Sewer    | Reached skill level 1 in Maces & Flails
  2305 | Sewer    | Noticed a kobold brigand
  2333 | Sewer    | Gained mutation: You have sharp toenails. [potion of
                  | mutation]
  2333 | Sewer    | Gained mutation: Armour fits poorly on your strangely
                  | shaped body. [potion of mutation]
  2333 | Sewer    | Gained mutation: Your system is resistant to poisons.
                  | (rPois) [potion of mutation]
  2333 | Sewer    | Gained mutation: You possess an exceptional clarity of
                  | mind. [potion of mutation]
  2567 | D:3      | Found a broken altar of Ashenzari.
  3184 | D:4      | Reached XP level 5. HP: 49/49 MP: 4/4
  3614 | D:3      | Reached XP level 6. HP: 17/57 MP: 5/5
  3756 | D:4      | Reached skill level 5 in Throwing
  3906 | D:4      | Lost mutation: Your system is resistant to poisons. (rPois)
                  | [potion of mutation]
  3906 | D:4      | Lost mutation: You possess an exceptional clarity of mind.
                  | [potion of mutation]
  3906 | D:4      | Lost mutation: You have sharp toenails. [potion of
                  | mutation]
  3906 | D:4      | Gained mutation: You are frail. (-10% HP) [potion of
                  | mutation]
  3906 | D:4      | Gained mutation: Your flesh is heat resistant. (rF+)
                  | [potion of mutation]
  3907 | D:4      | Lost mutation: Your flesh is heat resistant. (rF+) [potion
                  | of mutation]
  3907 | D:4      | Lost mutation: Armour fits poorly on your strangely shaped
                  | body. [potion of mutation]
  3907 | D:4      | Gained mutation: You possess an exceptional clarity of
                  | mind. [potion of mutation]
  3907 | D:4      | Gained mutation: You are strong-willed. (Will+) [potion of
                  | mutation]
  3915 | D:5      | Entered Level 5 of the Dungeon
  3985 | D:5      | Reached XP level 7. HP: 55/58 MP: 6/6
  4008 | D:5      | Found a radiant altar of Vehumet.
  4015 | D:5      | Found a white marble altar of Elyvilon.
  4070 | D:5      | Found a staircase to the Ecumenical Temple.
  4084 | Temple   | Entered the Ecumenical Temple
  4155 | Temple   | Became a worshipper of Gozag Ym Sagoz the Greedy
  5088 | D:6      | Reached skill level 6 in Throwing
  5088 | D:6      | Reached XP level 8. HP: 31/66 MP: 7/7
  5893 | D:6      | Reached skill level 5 in Dodging
  6150 | D:7      | Noticed a kobold demonologist
  6150 | D:7      | Noticed a kobold demonologist
  6402 | D:6      | Reached skill level 5 in Maces & Flails
  6565 | D:7      | Found a transporter.
  6708 | D:7      | Noticed Krehm's ghost (novice DrCj)
  6708 | D:7      | Noticed a two-headed ogre
  6713 | D:7      | Found a transporter.
  6769 | D:7      | Noticed a sun demon
  6808 | D:7      | Noticed a sun demon
  6826 | D:7      | Killed a kobold demonologist
  6827 | D:7      | Reached skill level 7 in Throwing
  6827 | D:7      | Reached XP level 9. HP: 75/75 MP: 8/8
  6842 | D:7      | Noticed a rust devil
  6843 | D:7      | Noticed a rust devil
  6850 | D:7      | Killed a kobold demonologist
  7445 | D:7      | Reached skill level 5 in Fighting
  7828 | D:8      | Found a staircase to the Lair.
  7893 | D:7      | Paralysed by a hornet for 2 turns
  7893 | D:7      | Mangled by a hornet

Illustrated notes

Levels and vault maps discovered:
D:1:      dpeg_arrival_ternary, layout_basic, serial_bayou_lake_a
D:2:      layout_basic, minivault_25, hangedman_decor_push
D:3:      layout_basic, nicolae_ru_the_path_less_chosen,
          nicolae_ashenzari_panopticon, portal_sewer_entry_d,
          kennysheep_cross_bottleneck
D:4:      layout_basic
D:5:      layout_cave_pools, grunt_temple_overflow_open,
          minmay_temple_entry_arrows, chequers_serial_rivers_micro_e
D:6:      layout_basic, chequers_serial_rivers_micro_c
D:7:      layout_loops_ring, gammafunk_ghost_arena
D:8:      layout_cave_pools, nicolae_uskayaw_murder_on_the_dancefloor,
          due_lair_maze_entry_diamond, minmay_misc_feat_four_crosses
Temple:   cyrus_circular_temple

Skill      XL: |  1  2  3  4  5  6  7  8  9 |
---------------+----------------------------+-----
Fighting       | 2 4 5 |  5.3
Dodging        | 2 3 4 5 6 |  6.5
Throwing       | 4 5 6 7 |  7.9
Maces & Flails | 1 2 3 4 5 6 |  6.6
Stealth        | |  0.3

Action                   |  1- 3 |  4- 6 |  7- 9 || total
-------------------------+-------+-------+-------++-------
Melee: Short sword       |   113 |       |       ||   113
       Whip              |    64 |   241 |   709 ||  1014
       Punch             |     1 |       |    14 ||    15
       Kick              |       |    30 |       ||    30
Throw: Large rock        |       |     4 |    11 ||    15
       Throwing net      |       |       |     5 ||     5
       Dart              |       |       |     2 ||     2
  Use: Scroll            |     3 |     2 |    10 ||    15
       Potion            |       |     5 |       ||     5
 Stab: Distracted        |     1 |       |       ||     1
       Sleeping          |     3 |     2 |       ||     5
       Held in net/web   |       |       |     1 ||     1
Armor: Robe              |    90 |    80 |   137 ||   307
Dodge: Dodged            |   120 |   147 |   271 ||   538
Block: Other             |       |    25 |   124 ||   149
       Reflection        |       |       |     5 ||     5
